Description

Vibe replaying build for coaching lesson

Replay - ViBE Zerg BtGM Build

Build Order

Get SALT Encoding   

  12  0:01  Drone  
  13  0:13  Overlord  
  13  0:17  Drone  
  14  0:32  Drone x2  
  16  0:38  Drone  Hatch now if vs T or P
  17  0:53  Hatchery  Move drone to natural at 185 supply
  16  0:57  Drone x2  
  18  1:16  Spawning Pool  Make extractor at 50% completion or 20 supply
  18  1:18  Drone x2  
  19  1:31  Drone  
  20  1:35  Extractor  
  21  2:05  Queen x2  Get ready for 3rd queen and Lair after first two pop
  21  2:08  Overlord  
  30  2:35  Overlord  Make sure to inject after queens pop
  30  2:43  Queen  
  32  2:49  Lair  
  34  2:54  Overlord  Make sure to saturate minerals before extractors
  38  3:19  Roach Warren  
  43  3:24  Extractor x2  
  42  3:28  Evolution Chamber  can make two if you want or for wall
  50  3:58  Zerg Missile Weapons Level 1, Glial Reconstitution  
  50  4:01  Hatchery  
  49  4:05  Roach  Don't over roach unless you see constant flood of enemy army
  49  4:06  Overlord  
  52  4:26  Roach x5  
  64  4:42  Queen  Only make 4th queen after larva are spent and have some bank
  77  5:27  Extractor x2  
  84  5:32  Hydralisk Den  
  84  5:35  Hatchery  
  84  5:38  Extractor  
  95  6:07  Grooved Spines  
  95  6:08  Zerg Missile Weapons Level 2  
  98  6:13  Evolution Chamber  Unnecessary if you already have two
  98  6:36  Hydralisk  
  106  6:42  Zerg Ground Armor Level 1  
  106  6:50  Extractor x2  
  106  6:52  Hydralisk x3  
  110  7:04  Hydralisk x6  
  148  7:23  Muscular Augments  
  148  7:27  Infestation Pit  at 150 170 supply send out scouts to find exposed bases
  171  7:55  Hatchery  As soon as max send that army out
  200  8:40  Hive  Send that ARMY OUT!!!!!
  200  9:40  Brood Lord  
Spawning Tool Build Advisor. Get it on Overwolf

Analysis

Max and attach

Go to:

Details

  • Created by: crazyspaz
  • Published on: May 29, 2020
  • Modified on: May 29, 2020
  • Patch: 4.11.0
  • Difficulty: Medium
Show
View Real Time Build Order
Export as new Build Order

Comments (0)

There are no comments. Be the first!

Create an account to comment!